 Dungeon Crawl Stone Soup version 0.20-a0-640-g62ed22f (webtiles) character file.

60 Klosterheim the Gusty (level 3, -2/26 HPs)
             Began as a Draconian Air Elementalist on Feb 12, 2017.
             Slain by an adder (4 damage)
             ... on level 2 of the Dungeon.
             The game lasted 00:03:19 (1937 turns).

Klosterheim the Gusty (Draconian Air Elementalist)  Turns: 1937, Time: 00:03:20

Health: -2/26      AC:  5    Str: 10    XL:     3   Next: 80%
Magic:  0/6        EV: 12    Int: 16    God:
Gold:   68         SH:  0    Dex: 11    Spells: 5/6 levels left

rFire    . . .     SeeInvis .   (no weapon)
rCold    . . .     Gourm    .   (armour unavailable)
rNeg     . . .     Faith    .   (no shield)
rPois    +         Spirit   .   (helmet restricted)
rElec    .         Reflect  .   (no cloak)
rCorr    .         Harm     .   (no gloves)
MR       .....                  (no boots)
Stlth    +++.......             (no amulet)
Regen    0.1/turn               (no ring)
MPRegen  0.1/turn               (no ring)

@: lethally poisoned (-2 -> -5)
A: unfitting armour, antennae 1, camouflage 1, poison resistance, cold-blooded,
AC +5
a: no special abilities


You were on level 2 of the Dungeon.
You were hungry.

You visited 1 branch of the dungeon, and saw 2 of its levels.

You collected 68 gold pieces.

Inventory:

Wands
 j - a wand of clouds (5/9)
Scrolls
 e - a scroll of identify {unknown}
 g - 2 scrolls of amnesia {unknown}
 i - a scroll of blinking {unknown}
Potions
 d - a potion of flight {unknown}
 f - 2 potions of degeneration {unknown}
 k - a potion of lignification {unknown}
Books
 a - a book of Air

   Spells                             Type                      Level
   a - Shock                          Conjuration/Air              1
   b - Swiftness                      Charms/Air                   2
   c - Static Discharge               Conjuration/Air              3
   d - Airstrike                      Air                          4
   e - Lightning Bolt                 Conjuration/Air              5
Comestibles
 b - a bread ration
 h - a chunk of flesh


   Skills:
 - Level 1.8 Dodging
 - Level 1.7 Stealth
 - Level 2.0 Spellcasting
 - Level 1.0 Conjurations
 + Level 4.7 Air Magic


You had 5 spell levels left.
You knew the following spells:

 Your Spells              Type           Power        Failure   Level  Hunger
a - Shock                 Conj/Air       ##..         10%         1    #......


Dungeon Overview and Level Annotations

Branches:
Dungeon (2/15)

Altars:
Uskayaw


Innate Abilities, Weirdness & Mutations

Your plain brown scales are hard. (AC +5)
You cannot fit into any form of body armour.
You are cold-blooded and may be slowed by cold attacks.
You have a pair of small antennae on your head.
Your skin changes colour to match your surroundings (Stealth+).
Your system is resistant to poisons. (rPois)


Message History

You miss the adder.
The adder is almost dead.
The adder bites you.
You barely miss the adder.
Your tail-slap misses the adder.
The adder is almost dead.
You are feeling hungry.
You feel sick. The adder barely misses you.
The adder bites you but does no damage.
You hit the adder but do no damage.
The adder is almost dead.
The adder bites you.
* * * LOW HITPOINT WARNING * * *
You hit the adder.
The adder is almost dead.
The adder completely misses you.
You closely miss the adder.
The adder is almost dead.
* * * LOW HITPOINT WARNING * * *
You feel sick. The adder bites you but does no damage. The adder bites you.
You die...

.........# ##+######
..........# #.......#
..........# #.......#
..........# #.......#
..........# #.......#
..........# #.......######
(......[..# #.......'[....
........S@# #.......######
.$..##.### #.......'....# #
##...## #.....รท.####.#
#########...).###..........#.#
#......#.......######'#.##.#.#
#.........._.....####.#..<....
#.....##.......#......##...#.#
#.....###.....######.........#
#.......##...##....#'#########


You could see an adder.

Vanquished Creatures
  A gnoll (D:1)
  2 adders (D:2)
  A dart slug (D:1)
  2 ball pythons (D:1)
  3 bats (D:1)
  3 giant cockroaches
  A goblin (D:1)
  2 hobgoblins (D:1)
  2 jackals (D:1)
  5 kobolds
  8 rats
30 creatures vanquished.

Notes
Turn   | Place    | Note
-------+----------+-------------------------------------------
     0 | D:1      | Klosterheim the Draconian Air Elementalist began the quest for the Orb.
     0 | D:1      | Reached XP level 1. HP: 14/14 MP: 3/3
   306 | D:1      | Reached XP level 2. HP: 17/20 MP: 3/5
   906 | D:1      | Reached skill level 4 in Air Magic
  1086 | D:1      | Reached XP level 3. HP: 8/26 MP: 0/6
  1898 | D:2      | Found a hide-covered altar of Uskayaw.
  1927 | D:2      | Gained mutation: Your skin changes colour to match your surroundings (Stealth+). [potion of mutation]
  1927 | D:2      | Gained mutation: You have a pair of small antennae on your head. [potion of mutation]
  1927 | D:2      | Gained mutation: Your system is resistant to poisons. (rPois) [potion of mutation]
  1937 | D:2      | Slain by an adder

Vault maps used:
D:1:      evilmike_arrival_hilbert_curve
D:2:      lemuel_round_altar, st_stairs_9

Skill      XL: |  1  2 |
---------------+-------+-----
Air Magic      | 4 |  4.7
Dodging        | |  1.8
Stealth        | |  1.7
Spellcasting   | |  2.0
Conjurations   | |  1.0

Action                   || total
-------------------------++-------
Melee: Unarmed           ||    42
       Tailslap          ||     5
 Cast: Shock             ||    73
  Use: Potion            ||     1
  Eat: Chunk             ||     4
Armor: Skin              ||    19
Dodge: Dodged            ||    39
